 Dungeon Crawl Stone Soup version 0.32-a0-43-g058985b245 (webtiles) character file.

Game seed: 6131742456689457094

926 Ceno the Cudgeller (level 7, -2/61 HPs)
             Began as an Armataur Warper on Feb 3, 2024.
             Slain by a river rat (3 damage)
             ... in a sewer.
             The game lasted 00:13:41 (3908 turns).

Ceno the Cudgeller (Armataur Warper)                Turns: 3908, Time: 00:13:42

Health: -2/61      AC:  7    Str: 18    XL:     7   Next: 85%
Magic:  5/9        EV:  8    Int: 14    God:
Gold:   191        SH:  0    Dex:  9    Spells: 7/9 levels left

rFire   . . .        y - +0 flail
rCold   + . .        (no shield)
rNeg    . . .        a - +0 ring mail
rPois   .            i - +0 helmet
rElec   .            j - +0 cloak
rCorr   .            (no gloves)
SInv    .            (no barding)
Will    +....        (no amulet)
Stlth   x              - ring of protection from cold
HPRegen 0.30/turn    A - ring of willpower
MPRegen 0.11/turn

%: roll
@: very slightly contaminated
A: large, deformed body, tough skin 3, armoured tail, roll 2
a: no special abilities


You were in a sewer.
You visited 1 branch of the dungeon, and saw 5 of its levels.
You also visited: Sewer.

You collected 191 gold pieces.

Inventory:

Hand Weapons
 u - a +0 whip
 y - a +0 flail (weapon)
Missiles
 d - 6 darts of dispersal
 e - 32 stones (quivered)
 s - 6 poisoned darts
 t - 2 boomerangs
Armour
 a - a +0 ring mail (worn)
 i - a +0 helmet (worn)
 j - a +0 cloak (worn)
 r - a +0 tower shield
Jewellery
 w - an amulet of faith
 x - a ring of protection from cold (left hand)
 A - a ring of willpower (right hand)
Wands
 B - a wand of flame (25)
Scrolls
 b - a scroll of butterflies {unknown}
 c - 2 scrolls of blinking
 g - a scroll of fog {unknown}
 n - a scroll of teleportation {unknown}
 o - a scroll of torment {unknown}
 p - a scroll of brand weapon {unknown}
 q - a scroll of poison {unknown}
 z - a scroll of amnesia {unknown}
Potions
 f - 3 potions of might
 h - 3 potions of brilliance
 k - a potion of heal wounds
 l - a potion of lignification
 m - a potion of berserk rage
 v - a potion of curing {unknown}


   Skills:
 + Level 5.0 Fighting
 * Level 6.9 Maces & Flails
 - Level 0.8 Throwing
 - Level 1.2 Armour
 - Level 1.3 Dodging
 - Level 1.7 Spellcasting
 - Level 3.0 Translocations


You had 7 spell levels left.
You knew the following spells:

 Your Spells              Type           Power      Damage    Failure   Level
a - Blink                 Tloc           18%        N/A       19%         2

Your spell library contained the following spells:

 Spells                   Type           Power      Damage    Failure   Level
 Apportation              Tloc           18%        N/A       13%         1
 Lesser Beckoning         Tloc           18%        N/A       19%         2
 Teleport Other           Tloc           9%         N/A       36%         3
 Jinxbite                 Hex            2%         N/A       54%         2
 Manifold Assault         Tloc           9%         N/A       77%         4
 Vhi's Electric Charge    Tloc/Air       10%        N/A       93%         4
 Brom's Barrelling Bould  Conj/Erth      1%         2d3       99%         4
 Alistair's Intoxication  Alch           0%         N/A       100%        5
 Fireball                 Conj/Fire      0%         3d3       100%        5
 Iskenderun's Battlesphe  Conj           1%         2d6       100%        5
 Conjure Ball Lightning   Conj/Air       0%         3x3d6     100%        6
 Orb of Destruction       Conj           0%         9d5       100%        7


Dungeon Overview and Level Annotations

Branches:
Dungeon (5/15)              Sewer (1/1)
 Temple: D:4-7

Altars:
Qazlal

Annotations:
D:5 1 transporter, Azoth's ghost, novice AtSh


Innate Abilities, Weirdness & Mutations

Armour fits poorly on your strangely shaped body.
You have extremely tough skin. (AC +3)
You have a long armoured tail.
You regenerate magic and health when rolling toward enemies. (Rampage Regen)


Message History

The frilled lizard closely misses you.
The rat splashes around in the water.
The river rat squeaks loudly.
You hit the adder.
The adder is moderately wounded.
You feel sick. The adder barely misses you. The rat bites you.
The rat barely misses you. The river rat bites you. x2
* * * LOW HITPOINT WARNING * * *
The frilled lizard bites you but does no damage.
The rat completely misses you.
You sock the adder!
You kill the adder!
You feel sick. The rat bites you but does no damage.
The river rat barely misses you. The river rat closely misses you.
The frilled lizard barely misses you. The rat bites you but does no damage.
You hit the river rat.
The river rat is moderately wounded.
You feel sick. The rat bites you but does no damage.
The river rat closely misses you. The rat bites you but does no damage.
The river rat bites you.
* * * LOW HITPOINT WARNING * * *
The frilled lizard bites you but does no damage.
The rat bites you but does no damage. x2
Casting: Blink (safe; 19% risk of failure)
Confirm with . or Enter, or press ? or * to list all spells.
You miscast Blink.
You are very lightly contaminated with residual magic.
Nothing appears to happen.
You feel sick.
You are no longer poisoned.
The rat bites you but does no damage. The river rat bites you!
* * * LOW HITPOINT WARNING * * *
The rat bites you but does no damage.
The river rat bites you but does no damage.
The frilled lizard bites you but does no damage.
The rat splashes around in the water.
The rat bites you but does no damage.
Casting: Blink (safe; 19% risk of failure)
Confirm with . or Enter, or press ? or * to list all spells.
You miscast Blink.
Nothing appears to happen.
The rat bites you.
* * * LOW HITPOINT WARNING * * *
The river rat bites you.
You die...

###################
.≈≈≈≈≈≈≈≈≈≈≈≈≈≈~#.###
.≈≈≈≈≈≈≈≈≈≈≈≈≈≈≈rr..##
.~~~≈≈≈≈≈≈≈≈~~†r@r...#
.~~~#~~≈≈≈≈~~≈~lrr....#
~≈~≈~~~~~~~#~≈≈~~.....#
#≈≈≈~≈~.~~~≈≈≈≈≈...r..#
##################....#
#...# #...# ...#


You could see 3 river rats, a frilled lizard and 4 rats.

Vanquished Creatures
  2 ogres (D:5)
  A phantom (D:4)
  A centaur (D:4)
  3 hounds (D:4)
  2 orc priests (D:4)
  2 bombardier beetles
  A gnoll bouda (D:4)
  An iguana (D:5)
  2 orc wizards (D:4)
  8 gnolls
  11 adders
  3 river rats (Sewer)
  2 ufetubi (D:5)
  A ribbon worm (D:4)
  A dart slug (D:1)
  2 orcs (D:4)
  6 endoplasms
  5 giant cockroaches
  6 goblins
  4 hobgoblins
  5 kobolds
  10 quokkas
  4 ball pythons
  3 bats
  3 frilled lizards
  14 rats
  A spectral kobold (D:1)
104 creatures vanquished.

Notes
Turn   | Place    | Note
-------+----------+-------------------------------------------
     0 | D:1      | Ceno the Armataur Warper began the quest for the Orb.
     0 | D:1      | Reached XP level 1. HP: 17/17 MP: 3/3
    37 | D:1      | Reached skill level 2 in Maces & Flails
   311 | D:1      | Reached XP level 2. HP: 20/24 MP: 4/4
   614 | D:1      | Found a faded altar of an unknown god.
   962 | D:2      | Reached XP level 3. HP: 27/30 MP: 5/5
   965 | D:2      | Learned a level 2 spell: Blink
  1096 | D:2      | Reached skill level 3 in Maces & Flails
  1557 | D:3      | Reached XP level 4. HP: 37/37 MP: 6/6
  1936 | D:3      | Noticed a gnoll sergeant
  2302 | D:3      | Reached skill level 4 in Maces & Flails
  2310 | D:4      | Noticed a centaur
  2319 | D:4      | Killed a centaur
  2320 | D:4      | Reached XP level 5. HP: 30/45 MP: 7/7
  2545 | D:4      | Reached XP level 6. HP: 45/51 MP: 8/8
  2563 | D:4      | Reached skill level 5 in Maces & Flails
  3076 | D:4      | Gained mutation: You regenerate magic and health when
                  | rolling toward enemies. (Rampage Regen) [Armataur growth]
  3076 | D:4      | Reached XP level 7. HP: 41/59 MP: 9/9
  3346 | D:4      | Reached skill level 6 in Maces & Flails
  3409 | D:4      | Found a stormy altar of Qazlal.
  3487 | D:5      | Entered Level 5 of the Dungeon
  3575 | D:5      | Found a transporter.
  3603 | D:5      | Noticed Azoth's ghost (novice AtSh)
  3786 | D:5      | Found a glowing drain.
  3813 | Sewer    | Entered a sewer
  3861 | Sewer    | Reached skill level 5 in Fighting
  3907 | Sewer    | HP: 3/61 [river rat (8)]
  3908 | Sewer    | HP: 1/61 [rat (3)]
  3908 | Sewer    | Slain by a river rat

Illustrated notes

Levels and vault maps discovered:
D:1:      roderic_dead_forest, layout_basic,
          dreamdust_ecumenical_altar_drowned_temple
D:2:      layout_loops_ring, nicolae_half_adder
D:3:      layout_rooms, minivault_27, minmay_liquid_box
D:4:      layout_basic, marbit_many_paths
D:5:      layout_basic, gup_sewer_entry_pipe, gammafunk_ghost_hive,
          kennysheep_nondescript, nicolae_underground_beach
Sewer:    sewer_minmay_w

Skill      XL: |  1  2  3  4  5  6  7 |
---------------+----------------------+-----
Maces & Flails | 2 3 4 5 6 |  6.9
Fighting       | 2 3 4 5 |  5.0
Throwing       | |  0.8
Armour         | |  1.2
Dodging        | |  1.3
Spellcasting   | |  1.7
Translocations | |  3.0

Action                     |  1- 3 |  4- 6 |  7- 9 || total
---------------------------+-------+-------+-------++-------
  Melee: Mace              |   110 |    41 |       ||   151
         Tailslap          |     5 |    18 |     9 ||    32
         Flail             |       |   105 |   108 ||   213
         Punch             |       |       |     1 ||     1
  Throw: Dart              |       |     1 |       ||     1
   Cast: Blink             |       |     1 |       ||     1
    Use: Scroll            |     2 |     3 |       ||     5
 Armour: Leather armour    |    84 |    61 |       ||   145
         Ring mail         |       |    74 |   139 ||   213
  Dodge: Dodged            |    64 |    73 |    73 ||   210

Table legend: (Time is in decaauts)
 A = Elapsed time spent in this place.
 B = Non-inter-level travel time spent in this place.
 C = Inter-level travel time spent in this place.
 D = Time resting spent in this place.
 E = Time spent auto-exploring this place.
 F = Levels seen in this place.
 G = Mean time per level.
                   A        B        C        D        E       F      G
               +--------+--------+--------+--------+--------+-----+--------+
         Total |   3972 |   3823 |    149 |    217 |   1718 |   6 |  662.0 |
       Dungeon |   3875 |   3726 |    149 |    217 |   1718 |   5 |  775.0 |
         Sewer |     97 |     97 |      0 |      0 |      0 |   1 |   97.0 |
               +--------+--------+--------+--------+--------+-----+--------+

Top non-repeatable levels by time:
     D:4: 1194 daAuts
     D:2: 1042 daAuts
     D:1: 729 daAuts
     D:3: 579 daAuts
     D:5: 329 daAuts
   Sewer: 97 daAuts
